 Dungeon Crawl Stone Soup version 0.13-a0-1585-g6f4f798 (webtiles) character file.

1098 Kae the Vexing (level 7, -4/36 HPs)
             Began as a Deep Elf Enchanter on June 12, 2013.
             Was an Initiate of Sif Muna.
             Killed by divine providence
             ... invoked by an orc priest
              (15 damage)
             ... on Level 4 of the Dungeon.
             The game lasted 00:14:01 (6132 turns).

Kae the Vexing (Deep Elf Enchanter)                 Turns: 6132, Time: 00:14:01

HP  -4/36        AC  4     Str  7      XL: 7   Next: 81%
MP  10/22        EV 14     Int 20      God: Sif Muna [......]
Gold 191         SH  7     Dex 15      Spells:  3 memorised, 10 levels left

Res.Fire  : . . .   See Invis. : .   a - +1,+2 elf dagger (curse) {=f}
Res.Cold  : . . .   Warding    : .   b - +2 elf robe (curse)
Life Prot.: . . .   Conserve   : .   A - +0 buckler
Res.Poison: .       Res.Corr.  : .   (no helmet)
Res.Elec. : .       Clarity    : .   (no cloak)
Sust.Abil.: . .     Spirit.Shd : .   (no gloves)
Res.Mut.  : .       Stasis     : .   (no boots)
Res.Rott. : .       Flight     : .   (no amulet)
Saprovore : . . .                    (no ring)
                                     (no ring)

@: very slightly contaminated, slightly resistant to hostile enchantments, quite
stealthy
A: no striking features
a: Renounce Religion


You were on level 4 of the Dungeon.
You worshipped Sif Muna.
Sif Muna was pleased with you.
You were hungry.

You visited 1 branch of the dungeon, and saw 4 of its levels.
You also visited: Ossuary.

You collected 171 gold pieces.

Inventory:

Hand weapons
 a - a cursed +1,+2 elven dagger (weapon) {=f}
 o - a cursed +0 blowgun
 u - a +1,+1 sabre
Missiles
 d - 12 darts (quivered)
 q - 10 poisoned needles
Armour
 b - a cursed +2 elven robe (worn)
 A - a +0 buckler (worn)
Comestibles
 f - 5 bread rations
 k - 4 pears
 B - a chunk of orc flesh
 C - an apple
Scrolls
 e - a scroll of blinking
 g - 3 scrolls of teleportation
 h - 6 scrolls of identify
 j - a scroll of recharging
 l - a scroll of curse jewellery
 v - a scroll of enchant armour
 w - a scroll of remove curse
 x - 2 scrolls of amnesia {unknown}
Jewellery
 y - a +5 ring of protection {unknown}
Potions
 i - 3 potions of mutation
 m - a potion of speed {unknown}
 n - 5 potions of curing
 p - 4 potions of heal wounds
 r - a potion of agility {unknown}
 s - 2 potions of paralysis {unknown}
Books
 c - a book of Maledictions

   Spells                             Type                      Level
   *Corona                            Hexes                        1
   Sure Blade                         Hexes/Charms                 2
   *Ensorcelled Hibernation           Hexes/Ice                    2
   *Confuse                           Hexes                        3
   Enslavement                        Hexes                        4
   Invisibility                       Hexes                        6
Miscellaneous
 t - a lantern of shadows


   Skills:
 + Level 4.1 Short Blades
 - Level 1.1 Throwing
 + Level 5.0 Dodging
 + Level 5.6 Stealth
 + Level 0.2 Shields
 + Level 5.3 Spellcasting
 + Level 6.2 Hexes


You had 10 spell levels left.
You knew the following spells:

 Your Spells              Type           Power        Failure   Level  Hunger
a - Corona                Hex            ####...      1%          1    None
b - Ensorcelled Hibernat  Hex/Ice        ###...       8%          2    None
c - Confuse               Hex            ####....     2%          3    ##.....


Dungeon Overview and Level Annotations

Branches:
Dungeon (4/27)             Temple (0/1) D:4

Altars:
Sif Muna


Message History

Press: ? - help, Shift-Dir - straight line, f/p - orc priest
Aim: an orc priest, wielding an orcish flail and wearing an orcish leather armour The orc priest resists with some effort.
Casting: Ensorcelled Hibernation
Confirm with . or Enter, or press ? or * to list all spells.
Aiming: Ensorcelled Hibernation
Press: ? - help, Shift-Dir - straight line, f/p - orc priest
Aim: an orc priest, wielding an orcish flail and wearing an orcish leather armour The orc priest struggles to resist.
The orc priest closely misses you.
Casting: Ensorcelled Hibernation
Confirm with . or Enter, or press ? or * to list all spells.
Aiming: Ensorcelled Hibernation
Press: ? - help, Shift-Dir - straight line, f/p - orc priest
Aim: an orc priest, wielding an orcish flail and wearing an orcish leather armour You miscast Ensorcelled Hibernation.
You are very lightly contaminated with residual magic.
Nothing appears to happen.
The orc priest calls down the wrath of Beogh upon you.
Something smites you!
You die... l

#.# #. #.# #.
#.####### #.
#.......# #o
#######.# #o #.#
#. #.#
#.#############
#.#
#oo@..........#
#..
#############.##
### #...#####
#.#......
#...##### #####


You could see 2 orc priests.

Vanquished Creatures
  Eustachio (D:4)
  Menkaure (D:4)
  3 water moccasin zombies (Ossuary)
  A giant frog skeleton (D:4)
  A big kobold zombie (Ossuary)
  A hound (D:3)
  An orc wizard (D:4)
  An iguana (D:3)
  3 mummies
  5 adders
  4 gnolls (D:2)
  4 adder zombies (Ossuary)
  2 worms
  5 giant geckos
  4 gnoll zombies (Ossuary)
  An ooze (D:4)
  5 orcs
  3 giant cockroaches
  8 hobgoblins
  8 jackals
  4 quokkas
  A ball python (D:4)
  13 bats
  3 giant newts
  8 goblins
  2 hobgoblin zombies (Ossuary)
  9 kobolds
  4 kobold zombies (Ossuary)
  6 orc zombies (Ossuary)
  3 rats
  2 rat skeletons (D:4)
117 creatures vanquished.

Vanquished Creatures (others)
  A water moccasin zombie (Ossuary)
  2 adder zombies (Ossuary)
  A hobgoblin zombie (Ossuary)
4 creatures vanquished.

Grand Total: 121 creatures vanquished

Notes
Turn   | Place    | Note
--------------------------------------------------------------
     0 | D:1      | Kae, the Deep Elf Enchanter, began the quest for the Orb.
     0 | D:1      | Reached XP level 1. HP: 10/10 MP: 4/4
   102 | D:1      | Reached XP level 2. HP: 7/15 MP: 7/7
   106 | D:1      | Learned a level 2 spell: Ensorcelled Hibernation
   581 | D:1      | Reached XP level 3. HP: 11/19 MP: 1/9
  1498 | D:2      | Reached XP level 4. HP: 22/24 MP: 9/12
  1781 | D:2      | Found a deep blue altar of Sif Muna.
  2123 | D:2      | Became a worshipper of Sif Muna the Loreminder
  2188 | D:3      | Learned a level 3 spell: Confuse
  2351 | D:3      | Reached XP level 5. HP: 11/28 MP: 6/16
  3388 | D:3      | Reached skill level 5 in Hexes
  3475 | D:4      | Got a warped helmet
  3478 | D:4      | Identified the cursed -2 helmet of Shrim {rF+} (You found it on level 4 of the Dungeon)
  3520 | D:4      | Noticed Menkaure
  3531 | D:4      | Killed Menkaure
  3531 | D:4      | Reached XP level 6. HP: 14/32 MP: 7/19
  3709 | D:4      | Found a sand-covered staircase.
  3736 | Ossuary  | Entered an ossuary
  4383 | Ossuary  | Reached XP level 7. HP: 7/36 MP: 3/21
  4813 | Ossuary  | Reached skill level 5 in Stealth
  5501 | D:4      | Noticed Eustachio
  5534 | D:4      | Killed Eustachio
  5534 | D:4      | Reached skill level 5 in Spellcasting
  5534 | D:4      | Reached skill level 6 in Hexes
  5747 | D:4      | Found a staircase to the Ecumenical Temple.
  5811 | D:4      | Reached skill level 5 in Dodging
  6132 | D:4      | Killed from afar by an orc priest

Action                   |  1- 3 |  4- 6 |  7- 9 || total
-------------------------+-------+-------+-------++-------
Melee: Dagger            |   119 |   193 |    93 ||   405
 Cast: Corona            |     6 |     6 |       ||    12
       Ensorcelled Hiber |    21 |    30 |     9 ||    60
       Confuse           |       |    21 |    14 ||    35
  Use: Scroll            |       |    14 |     4 ||    18
       Potion            |       |     3 |       ||     3
 Stab: Sleeping          |    24 |    20 |     7 ||    51
       Distracted        |       |     1 |       ||     1
       Confused          |       |     9 |     7 ||    16
